 Dungeon Crawl Stone Soup version 0.22.1-2-g9c5b331383 (webtiles) character file.

452 Knicklaso the Magician (level 7, -3/50 HPs)
             Began as a Gnoll Wizard on Nov 26, 2018.
             Killed by divine providence
             ... invoked by an orc priest
              (13 damage)
             ... on level 4 of the Dungeon.
             The game lasted 00:08:22 (4524 turns).

Knicklaso the Magician (Gnoll Wizard)               Turns: 4524, Time: 00:08:22

Health: -3/50      AC:  3    Str:  9    XL:     7   Next: 5%
Magic:  11/18      EV: 15    Int: 22    God:
Gold:   214        SH:  0    Dex: 14    Spells: 10/21 levels left

rFire    . . .     SeeInvis .   u - +2 short sword (drain)
rCold    . . .     Gourm    .   (no shield)
rNeg     . . .     Faith    .   a - +0 robe
rPois    .         Spirit   .   b - +0 hat
rElec    .         Reflect  .   (no cloak)
rCorr    .         Harm     .   p - +0 pair of gloves
MR       .....                  (no boots)
Stlth    +++.......             (no amulet)
HPRegen  0.16/turn              (no ring)
MPRegen  0.16/turn              (no ring)

@: no status effects
A: distributed training, fangs 1, strong nose
a: no special abilities


You were on level 4 of the Dungeon.
You were near starving.

You visited 1 branch of the dungeon, and saw 4 of its levels.

You collected 214 gold pieces.

Inventory:

Hand Weapons
 u - a +2 short sword of draining (weapon)
 w - a cursed -1 dagger
Armour
 a - a +0 robe (worn)
 b - a +0 hat (worn)
 p - a +0 pair of gloves (worn)
 t - a +1 ring mail of cold resistance
 v - a +0 scale mail of fire resistance
Jewellery
 q - an uncursed ring of resist corrosion {unknown}
Scrolls
 c - 3 scrolls of teleportation {unknown}
 g - 6 scrolls of identify {unknown}
 i - a scroll of amnesia {unknown}
 j - a scroll of fear {unknown}
 o - a scroll of magic mapping {unknown}
 s - a scroll of immolation {unknown}
 x - a scroll of enchant weapon {unknown}
Potions
 e - a potion of brilliance {unknown}
 h - a potion of flight {unknown}
 k - a potion of haste {unknown}
 l - 2 potions of curing {unknown}
 m - a potion of resistance {unknown}
 n - 2 potions of invisibility {unknown}
 r - a potion of lignification {unknown}
Comestibles
 d - 6 rations


   Skills:
 + Level 2.2 Fighting
 + Level 2.2 Short Blades
 + Level 2.2 Long Blades
 + Level 2.2 Axes
 + Level 2.2 Maces & Flails
 + Level 2.2 Polearms
 + Level 2.2 Staves
 + Level 2.2 Slings
 + Level 2.2 Bows
 + Level 2.2 Crossbows
 + Level 2.2 Throwing
 + Level 2.2 Armour
 + Level 5.1 Dodging
 + Level 4.7 Stealth
 + Level 2.2 Shields
 + Level 2.2 Unarmed Combat
 + Level 7.5 Spellcasting
 + Level 2.8 Conjurations
 + Level 1.7 Hexes
 + Level 1.7 Charms
 + Level 2.8 Summonings
 + Level 1.7 Necromancy
 + Level 2.8 Translocations
 + Level 1.7 Transmutations
 + Level 1.7 Fire Magic
 + Level 1.7 Ice Magic
 + Level 1.7 Air Magic
 + Level 1.7 Earth Magic
 + Level 1.7 Poison Magic
 + Level 2.4 Invocations
 + Level 2.2 Evocations


You had 10 spell levels left.
You knew the following spells:

 Your Spells              Type           Power        Failure   Level  Hunger
a - Magic Dart            Conj           ###.         2%          1    None
b - Mephitic Cloud        Conj/Pois/Air  ###.....     10%         3    None
c - Conjure Flame         Conj/Fire      ###.....     9%          3    None
d - Call Imp              Summ           ###.....     3%          2    None
h - Blink                 Tloc           N/A          3%          2    None

Your spell library contained the following spells:

 Spells                   Type           Power        Failure   Level  Hunger
 Slow                     Hex            ###.....     6%          2    None


Dungeon Overview and Level Annotations

Branches:
Dungeon (4/15)
 Temple: D:4-7

Altars:
Gozag
Okawaru

Annotations:
D:2 exclusion: downstairs


Innate Abilities, Weirdness & Mutations

Your experience applies equally to all skills.
You have very sharp teeth.
Your uncanny sense of smell can sniff out nearby items.


Message History

Your white imp barely misses the ogre.
You puncture the ogre!
The ogre is heavily wounded.
The ogre hits you with a giant spiked club!
Your white imp barely misses the ogre.
An orc comes into view. It is wielding a hand axe.
Your shadow imp barely misses the ogre.
Your white imp hits the ogre but does no damage.
You hit the ogre but do no damage. You drain the ogre!
The ogre is severely wounded.
The ogre hits you with a giant spiked club!
* * * LOW HITPOINT WARNING * * *
The giant cockroach misses your white imp.
Your white imp hits the ogre.
Your white imp freezes the ogre.
Your shadow imp hits the ogre.
Your white imp hits the ogre.
The ogre dies!
You have reached level 7!
The orc priest invokes the aid of Beogh against you.
Beogh smites you!
You die...

#.# #.# .
#.# ∆ .. #.#
... ##<# ..
∆
###..####o##
#..........#
#(..5..o...#
#..@5s.....#
#...5......#
#.♣♣♣♣♣.####
#...PP ♣#
##♣...♣
P...P♣ ....♣
♣♣M.♣ ♣..


You could see an orc priest, an orc, a giant cockroach, 2 friendly white imps
and a friendly shadow imp.

Vanquished Creatures
  A water moccasin (D:2)
  2 orc priests (D:3)
  3 adders
  A worm (D:2)
  5 leopard geckos
  5 orcs (D:3)
  12 bats
  3 giant cockroaches
  7 goblins
  5 hobgoblins
  5 jackals
  4 frilled lizards (D:2)
  7 kobolds
  7 rats
67 creatures vanquished.

Vanquished Creatures (collateral kills)
  Menkaure (D:4)
  An ogre (D:4)
  A scorpion (D:3)
  2 oozes
  A worm (D:2)
  4 orcs
  A ball python (D:3)
  A giant cockroach (D:3)
  2 goblins
14 creatures vanquished.

Vanquished Creatures (others)
  A plant (D:4)
1 creature vanquished.

Grand Total: 82 creatures vanquished

Notes
Turn   | Place    | Note
-------+----------+-------------------------------------------
     0 | D:1      | Knicklaso the Gnoll Wizard began the quest for the Orb.
     0 | D:1      | Reached XP level 1. HP: 13/13 MP: 8/8
   218 | D:1      | Reached XP level 2. HP: 19/19 MP: 1/10
   394 | D:1      | Learned a level 2 spell: Call Imp
   397 | D:1      | Learned a level 2 spell: Blink
   880 | D:1      | Reached XP level 3. HP: 25/25 MP: 9/11
   926 | D:1      | Learned a level 3 spell: Mephitic Cloud
   930 | D:1      | Learned a level 3 spell: Conjure Flame
  1701 | D:2      | Reached skill level 1 in Invocations
  1888 | D:2      | Noticed a water moccasin
  1892 | D:2      | Killed a water moccasin
  1892 | D:2      | Reached skill level 1 in Fighting
  1892 | D:2      | Reached skill level 1 in Short Blades
  1892 | D:2      | Reached skill level 1 in Long Blades
  1892 | D:2      | Reached skill level 1 in Axes
  1892 | D:2      | Reached skill level 1 in Maces & Flails
  1892 | D:2      | Reached skill level 1 in Polearms
  1892 | D:2      | Reached skill level 1 in Staves
  1892 | D:2      | Reached skill level 1 in Slings
  1892 | D:2      | Reached skill level 1 in Bows
  1892 | D:2      | Reached skill level 1 in Crossbows
  1892 | D:2      | Reached skill level 1 in Throwing
  1892 | D:2      | Reached skill level 1 in Armour
  1892 | D:2      | Reached skill level 1 in Shields
  1892 | D:2      | Reached skill level 1 in Unarmed Combat
  1892 | D:2      | Reached skill level 1 in Hexes
  1892 | D:2      | Reached skill level 1 in Charms
  1892 | D:2      | Reached skill level 1 in Necromancy
  1892 | D:2      | Reached skill level 1 in Transmutations
  1892 | D:2      | Reached skill level 1 in Fire Magic
  1892 | D:2      | Reached skill level 1 in Ice Magic
  1892 | D:2      | Reached skill level 1 in Air Magic
  1892 | D:2      | Reached skill level 1 in Earth Magic
  1892 | D:2      | Reached skill level 1 in Poison Magic
  1892 | D:2      | Reached skill level 1 in Evocations
  1892 | D:2      | Reached XP level 4. HP: 24/32 MP: 9/13
  1892 | D:2      | Reached XP level 5. HP: 28/37 MP: 9/14
  1926 | D:2      | Found an opulent altar of Gozag.
  1926 | D:2      | Found an iron altar of Okawaru.
  2399 | D:3      | HP: 1/37 [orc priest/divine providence (16)]
  3562 | D:3      | Reached XP level 6. HP: 21/44 MP: 8/16
  3859 | D:3      | Reached skill level 5 in Dodging
  4276 | D:4      | Noticed Menkaure
  4302 | D:4      | Killed Menkaure
  4522 | D:4      | Reached XP level 7. HP: 10/50 MP: 11/18
  4524 | D:4      | Killed from afar by an orc priest

Skill      XL: |  1  2  3  4  5  6 |
---------------+-------------------+-----
Conjurations   | 2 |  2.8
Summonings     | 2 |  2.8
Translocations | 2 |  2.8
Invocations    | 1 2 |  2.4
Fighting       | 1 2 |  2.2
Short Blades   | 1 2 |  2.2
Long Blades    | 1 2 |  2.2
Axes           | 1 2 |  2.2
Maces & Flails | 1 2 |  2.2
Polearms       | 1 2 |  2.2
Staves         | 1 2 |  2.2
Slings         | 1 2 |  2.2
Bows           | 1 2 |  2.2
Crossbows      | 1 2 |  2.2
Throwing       | 1 2 |  2.2
Armour         | 1 2 |  2.2
Shields        | 1 2 |  2.2
Unarmed Combat | 1 2 |  2.2
Hexes          | 1 |  1.7
Charms         | 1 |  1.7
Necromancy     | 1 |  1.7
Transmutations | 1 |  1.7
Fire Magic     | 1 |  1.7
Ice Magic      | 1 |  1.7
Air Magic      | 1 |  1.7
Earth Magic    | 1 |  1.7
Poison Magic   | 1 |  1.7
Evocations     | 1 2 |  2.2
Dodging        | 5 |  5.1
Stealth        | |  4.7
Spellcasting   | |  7.5

Action                   |  1- 3 |  4- 6 |  7- 9 || total
-------------------------+-------+-------+-------++-------
Melee: Short sword       |     3 |    42 |       ||    45
       Bite              |     1 |     5 |       ||     6
       Punch             |       |     1 |       ||     1
 Cast: Magic Dart        |    78 |    70 |       ||   148
       Conjure Flame     |     1 |     1 |       ||     2
       Call Imp          |       |    21 |       ||    21
  Eat: Chunk             |     3 |     6 |       ||     9
Armor: Robe              |     2 |    11 |       ||    13
Dodge: Dodged            |    13 |    48 |       ||    61
